 Dungeon Crawl Stone Soup version 0.19-a0-1035-gdbfb0c6 (webtiles) character file.

490 JustSomeDude the Ducker (level 6, -4/49 HPs)
             Began as a Demonspawn Monk on July 29, 2016.
             Slain by a scorpion (5 damage)
             ... on level 5 of the Dungeon.
             The game lasted 00:11:14 (2351 turns).

JustSomeDude the Ducker (Demonspawn Monk)           Turns: 2351, Time: 00:11:14

Health: -4/49      AC:  6    Str: 16      XL:     6   Next: 90%
Magic:  6/6        EV: 18    Int: 11      God:
Gold:   151        SH:  5    Dex: 19 (20) Spells: 0 memorised, 5 levels left

rFire  . . .     SeeInvis .     a - +0 hand axe
rCold  . . .     Gourm    .     m - +0 ring mail
rNeg   + . .     Faith    .     n - +0 buckler
rPois  .         Spirit   .     (helmet restricted)
rElec  .         Dismiss  .     (no cloak)
rCorr  .         Reflect  .     b - +0 pair of gloves
SustAt .         Harm     .     (no boots)
MR     .....                    t - amulet of regeneration
Stlth  +++.......               y - ring of positive energy
                                k - +2 ring of strength

@: agile, lethally poisoned (-4 -> -4), not resistant to hostile enchantments,
fairly stealthy
A: horns 2, powered by death 1, powered by pain 1
a: no special abilities


You were on level 5 of the Dungeon.
You were hungry.

You visited 1 branch of the dungeon, and saw 5 of its levels.

You collected 151 gold pieces.

Inventory:

Hand Weapons
 a - a +0 hand axe (weapon)
Missiles
 A - an exploding tomahawk (quivered)
Armour
 b - a +0 pair of gloves (worn)
 m - a +0 ring mail (worn)
 n - a +0 buckler (worn)
Jewellery
 k - a +2 ring of strength (left hand)
 r - an uncursed ring of sustain attributes
 t - an amulet of regeneration (around neck)
 w - an uncursed ring of protection from cold
 x - an uncursed ring of flight {unknown}
 y - a ring of positive energy (right hand)
Scrolls
 d - 5 scrolls of teleportation {unknown}
 e - a scroll of blinking {unknown}
 f - 5 scrolls of identify {unknown}
 g - 2 scrolls of recharging {unknown}
 h - 4 scrolls of remove curse {unknown}
 i - a scroll of fear {unknown}
 p - a scroll of random uselessness {unknown}
 s - 3 scrolls of noise {unknown}
 u - 2 scrolls of enchant armour {unknown}
Potions
 l - a potion of brilliance
 q - a potion of degeneration
Comestibles
 c - 4 bread rations
 j - a meat ration
 o - a beef jerky
 z - a chunk of flesh


   Skills:
 + Level 4.4 Fighting
 + Level 4.1 Axes
 + Level 1.7 Armour
 + Level 4.6 Dodging
 + Level 2.2 Stealth
 + Level 1.5 Shields


You had 5 spell levels left.
You didn't know any spells.

Dungeon Overview and Level Annotations

Branches:
Dungeon (5/15)
 Temple: D:4-7

Altars:
Ashenzari
Cheibriados
Dithmenos
Elyvilon
Fedhas
Gozag
Kikubaaqudgha
Qazlal
Sif Muna
Zin
The Shining One

Shops:
D:5 [


Innate Abilities, Weirdness & Mutations

You have a pair of horns on your head.
You regenerate a little health from kills.
You sometimes gain a little power by taking damage.


Message History

You are too injured to fight recklessly!
You are too injured to fight recklessly!
You are too injured to fight recklessly!
You are too injured to fight recklessly!
You are too injured to fight recklessly!
You are too injured to fight recklessly!
You are too injured to fight recklessly!
You barely miss the scorpion.
The scorpion is heavily wounded.
The scorpion stings you!
* * * LOW HITPOINT WARNING * * *
You are poisoned.
The scorpion poisons you!
You barely miss the scorpion. You headbutt the scorpion.
The scorpion is heavily wounded.
You feel sick. The scorpion barely misses you.
You hit the scorpion but do no damage.
The scorpion is heavily wounded.
You feel sick. The scorpion stings you.
You die...

#.........#.#...##
#####.....#.#...##
#............)
########'##......##
#................#
#....<......######
#........รท..#
#...........#
#.@s........#
#.........###
#.........#
#.........#
#.........#
####......#
+......# ......


You could see a scorpion.

Vanquished Creatures
  An ogre (D:4)
  A scorpion (D:5)
  2 howler monkeys
  2 hounds (D:5)
  A giant frog skeleton (D:4)
  2 orc wizards
  2 adders
  A shadow imp (D:5)
  3 worms
  A dart slug (D:1)
  4 giant geckos
  18 orcs
  A ball python (D:5)
  6 bats
  6 giant cockroaches
  8 goblins
  3 hobgoblins
  4 jackals (D:3)
  A quokka (D:2)
  A giant gecko skeleton (D:5)
  2 giant newts
  8 kobolds
  A quokka skeleton (D:4)
  12 rats
91 creatures vanquished.

Notes
Turn   | Place    | Note
-------+----------+-------------------------------------------
     0 | D:1      | JustSomeDude the Demonspawn Monk began the quest for the Orb.
     0 | D:1      | Reached XP level 1. HP: 18/18 MP: 1/1
   121 | D:1      | Gained mutation: You have a pair of small horns on your head. [demonic ancestry]
   121 | D:1      | Reached XP level 2. HP: 15/24 MP: 2/2
   639 | D:1      | Reached XP level 3. HP: 26/29 MP: 3/3
  1005 | D:2      | Found a shadowy altar of Dithmenos.
  1056 | D:2      | Found a glowing silver altar of Zin.
  1056 | D:2      | Found a glowing golden altar of the Shining One.
  1057 | D:2      | Found a white marble altar of Elyvilon.
  1089 | D:2      | Found an opulent altar of Gozag.
  1395 | D:3      | Gained mutation: You regenerate a little health from kills. [demonic ancestry]
  1395 | D:3      | Reached XP level 4. HP: 33/36 MP: 4/4
  1469 | D:3      | Found a snail-covered altar of Cheibriados.
  1783 | D:4      | Reached skill level 1 in Armour
  1783 | D:4      | Gained mutation: You have a pair of horns on your head. [demonic ancestry]
  1783 | D:4      | Reached XP level 5. HP: 37/42 MP: 5/5
  1804 | D:4      | Found a shattered altar of Ashenzari.
  1812 | D:4      | Noticed an ogre
  1824 | D:4      | Killed an ogre
  1824 | D:4      | Reached skill level 1 in Shields
  1837 | D:4      | Gained mutation: You sometimes gain a little power by taking damage. [demonic ancestry]
  1837 | D:4      | Reached XP level 6. HP: 42/48 MP: 6/6
  1945 | D:4      | Found an ancient bone altar of Kikubaaqudgha.
  1948 | D:4      | Found a blossoming altar of Fedhas.
  1949 | D:4      | Found a stormy altar of Qazlal.
  1949 | D:4      | Found a deep blue altar of Sif Muna.
  2026 | D:5      | Entered Level 5 of the Dungeon
  2131 | D:5      | Found Quxkoj's Antique Armour Shoppe.
  2349 | D:5      | HP: 2/49 [scorpion (8)]
  2351 | D:5      | Slain by a scorpion

Vault maps used:
D:1:      dpeg_arrival_shelter
D:2:      good_gods_temple_1, lemuel_round_altar, marbit_many_paths,
          st_stairs_13
D:3:      overflow_temple_1_default, first_bread
D:4:      grunt_temple_overflow_open, ashenzari_conservatory_becter
D:5:      serial_shops, shop, kennysheep_generic_room_13

Skill      XL: |  1  2  3  4  5  6 |
---------------+-------------------+-----
Dodging        | 3 4 |  4.6
Axes           | 3 4 |  4.1
Stealth        | 2 |  2.2
Armour         | 1 |  1.7
Shields        | 1 |  1.5
Fighting       | 4 |  4.4

Action                   |  1- 3 |  4- 6 || total
-------------------------+-------+-------++-------
Melee: Hand axe          |   130 |   177 ||   307
       Headbutt          |    25 |    38 ||    63
  Use: Potion            |       |     7 ||     7
 Stab: Sleeping          |     2 |       ||     2
  Eat: Pizza             |     1 |       ||     1
       Chunk             |       |     3 ||     3
Armor: Robe              |    13 |       ||    13
       Ring mail         |    24 |    63 ||    87
Dodge: Dodged            |    90 |   116 ||   206
Block: Buckler           |    14 |    30 ||    44
